 Dungeon Crawl Stone Soup version 0.32-a0-468-g38b2580584 (webtiles) character file.

Game seed: 3720173378203410135

83 ezpacito the Trooper (level 4, -1/35 HPs)
             Began as a Demonspawn Chaos Knight on Feb 24, 2024.
             Was a Plaything of Xom.
             Killed by nerve-wracking pain
             ... invoked by Grinder
              (3 damage)
             ... on level 3 of the Dungeon.
             The game lasted 00:01:56 (1851 turns).

ezpacito the Trooper (Demonspawn Chaos Knight)      Turns: 1851, Time: 00:01:57

Health: -1/35      AC:  7    Str: 15    XL:     4   Next: 22%
Magic:  5/5        EV:  7    Int: 12    God:    Xom [*.....]
Gold:   146        SH:  0    Dex: 12    Spells: 3/3 levels left

rFire   + + .        a - +0 hand axe (chaos)
rCold   . . .        (no shield)
rNeg    . . .        t - +0 chain mail {rF+}
rPois   .            (helmet restricted)
rElec   .            f - +0 cloak
rCorr   .            (no gloves)
SInv    .            (no boots)
Will    .....        (no amulet) Stlth
                     j - ring of protection from fire
HPRegen 0.25/turn    (no ring)
MPRegen 0.09/turn

%: no passive effects
@: mighty
A: icy blue scales 1, horns 1, deformed body, high MP 1, inability to read after
injury 1
a: Renounce Religion


You were on level 3 of the Dungeon.
You worshipped Xom.
You were a special plaything of Xom.
You visited 1 branch of the dungeon, and saw 3 of its levels.

You collected 146 gold pieces.

Inventory:

Hand Weapons
 a - a +0 hand axe of chaos (weapon)
 n - a +1 vampiric hand axe
Missiles
 i - 8 boomerangs (quivered)
Armour
 f - a +0 cloak (worn)
 t - a +0 chain mail of fire resistance (worn)
Magical Staves
 l - a staff of earth
Jewellery
 j - a ring of protection from fire (left hand)
Scrolls
 b - a scroll of revelation {unknown}
 c - a scroll of butterflies
 d - a scroll of summoning {unknown}
 g - 2 scrolls of enchant weapon {unknown}
 k - a scroll of teleportation {unknown}
 m - a scroll of amnesia {unknown}
 p - 2 scrolls of identify {unknown}
 r - a scroll of poison {unknown}
Potions
 q - 2 potions of attraction {unknown}
 s - a potion of curing {unknown}


   Skills:
 * Level 3.3 Fighting
 * Level 3.2 Axes
 * Level 2.2 Armour
 * Level 1.5 Dodging
 + Level 0.7 Stealth
 * Level 1.0 Unarmed Combat
 + Level 0.4 Spellcasting
 + Level 0.7 Evocations


You had 3 spell levels left.
You didn't know any spells.
Your spell library was empty.

Dungeon Overview and Level Annotations

Branches:
Dungeon (3/15)

Altars:

Annotations:
D:3 Grinder


Innate Abilities, Weirdness & Mutations

You are partially covered in icy blue scales. (AC +2)
You have a pair of small horns on your head.
Armour fits poorly on your strangely shaped body.
You have an increased reservoir of magic. (+10% MP)
You occasionally lose the ability to read scrolls when taking damage.


Message History

You closely miss Grinder. Your peck misses Grinder. Grinder gestures at you.
Pain shoots through your body!
You are too injured to fight recklessly!
You are too injured to fight recklessly!
It was a potion of might.
You feel very mighty all of a sudden.
Xom thinks this is hilarious!
Grinder hits you.
A jackal comes into view.
The jackal bites you but does no damage.
You barely miss Grinder.
The jackal barks!
You peck Grinder!
Grinder is moderately wounded.
You closely miss the jackal. The jackal closely misses you. Grinder hits you.
You writhe in agony.
The jackal bites you but does no damage.
Grinder closely misses you.
It was a potion of mutation.
You feel extremely strange.
You no longer feel a hidden potential within.
Your beak shortens and softens into a mouth.
You occasionally lose the ability to read scrolls when taking damage.
Xom thinks this is hilarious!
Your body twists and deforms.
A pair of horns grows on your head!
You feel more energetic.
Xom thinks this is hilarious!
The jackal barely misses you. Grinder hits you.
* * * LOW HITPOINT WARNING * * *
You writhe in agony.
* * * LOW HITPOINT WARNING * * *
It was a potion of magic.
Magic courses through your body.
Xom roars with laughter!
The jackal bites you but does no damage.
The jackal closely misses you. Grinder gestures at you.
Pain shoots through your body!
You die...
Grinder sighs, "Dead already?
I want a refund."
Xom titters!

.# .# .# ####### #.##
#.....# ##...##
######.###.#####.5...##.
..........).....@h.....>
######.#.#.#####.h...###
....................#...
##################### #


You could see Grinder and 2 jackals.

Vanquished Creatures
  2 adders
  2 ribbon worms
  2 dart slugs
  7 ball pythons
  5 endoplasms
  6 giant cockroaches
  2 hobgoblins
  4 quokkas
  7 bats
  2 frilled lizards (D:2)
  4 goblins
  6 kobolds
  2 rats
51 creatures vanquished.

Notes
Turn   | Place    | Note
-------+----------+-------------------------------------------
     0 | D:1      | ezpacito the Demonspawn Chaos Knight began the quest for
                  | the Orb.
     0 | D:1      | Reached XP level 1. HP: 18/18 MP: 1/1
   118 | D:1      | Reached skill level 1 in Dodging
   146 | D:1      | XOM: silly message
   148 | D:1      | Gained mutation: You are partially covered in icy blue
                  | scales. (AC +2) [demonic ancestry]
   148 | D:1      | Reached XP level 2. HP: 20/24 MP: 2/2
   664 | D:2      | Reached XP level 3. HP: 24/29 MP: 3/3
   948 | D:2      | XOM: stat loss: -1 Int (11/12)
   956 | D:2      | XOM: stat loss: -1 Dex (11/12)
  1622 | D:3      | Reached skill level 1 in Unarmed Combat
  1635 | D:3      | Reached XP level 4. HP: 29/35 MP: 4/4
  1710 | D:3      | XOM: give mutations
  1710 | D:3      | Gained mutation: You have a beak for a mouth. [Xom's
                  | mischief]
  1710 | D:3      | Gained mutation: You have hidden genetic potential. [Xom's
                  | mischief]
  1843 | D:3      | Noticed Grinder
  1850 | D:3      | Lost mutation: You have hidden genetic potential. [potion
                  | of mutation]
  1850 | D:3      | Lost mutation: You have a beak for a mouth. [potion of
                  | mutation]
  1850 | D:3      | Gained mutation: You occasionally lose the ability to read
                  | scrolls when taking damage. [potion of mutation]
  1850 | D:3      | Gained mutation: Armour fits poorly on your strangely
                  | shaped body. [potion of mutation]
  1850 | D:3      | Gained mutation: You have a pair of small horns on your
                  | head. [potion of mutation]
  1850 | D:3      | Gained mutation: You have an increased reservoir of magic.
                  | (+10% MP) [potion of mutation]
  1851 | D:3      | Killed from afar by Grinder

Illustrated notes

Levels and vault maps discovered:
D:1:      dpeg_arrival_simpleton_b, layout_basic
D:2:      minmay_wonky_spiral, layout_loops_corners
D:3:      layout_loops_ring, uniq_grinder

Skill      XL: |  1  2  3 |
---------------+----------+-----
Dodging        | 1 |  1.5
Armour         | 2 |  2.2
Axes           | 3 |  3.2
Unarmed Combat | 1 |  1.0
Fighting       | |  3.3
Stealth        | |  0.7
Spellcasting   | |  0.4
Evocations     | |  0.7

Action                     |  1- 3 |  4- 6 || total
---------------------------+-------+-------++-------
  Melee: Hand axe          |   134 |    19 ||   153
         Peck              |       |     2 ||     2
    Use: Potion            |     1 |     3 ||     4
 Armour: Leather armour    |    91 |     2 ||    93
         Chain mail        |       |    15 ||    15
  Dodge: Dodged            |   108 |    13 ||   121

Table legend: (Time is in decaauts)
 A = Elapsed time spent in this place.
 B = Non-inter-level travel time spent in this place.
 C = Inter-level travel time spent in this place.
 D = Time resting spent in this place.
 E = Time spent auto-exploring this place.
 F = Levels seen in this place.
 G = Mean time per level.
                   A        B        C        D        E       F      G
               +--------+--------+--------+--------+--------+-----+--------+
         Total |   1885 |   1809 |     76 |     88 |   1314 |   3 |  628.3 |
       Dungeon |   1885 |   1809 |     76 |     88 |   1314 |   3 |  628.3 |
               +--------+--------+--------+--------+--------+-----+--------+

Top non-repeatable levels by time:
     D:2: 1094 daAuts
     D:1: 498 daAuts
     D:3: 292 daAuts
